 Dungeon Crawl Stone Soup version 0.31-a0-175-g9f7f995f2b (webtiles) character file.

Game seed: 14505665929486284604

172 qw the Shooter (level 5, -3/50 HPs)
             Began as a Naga Hunter on June 17, 2023.
             Slain by a sleepcap (8 damage)
             ... on level 6 of the Dungeon.
             The game lasted 00:00:40 (1783 turns).

qw the Shooter (Naga Hunter)                        Turns: 1783, Time: 00:00:41

Health: -3/50      AC:  3    Str: 12 (13) XL:     5   Next: 53%
Magic:  5/5        EV: 10    Int: 10      God:
Gold:   225        SH:  0    Dex: 21 (22) Spells: 4/4 levels left

rFire   . . .        Y - +0 shortbow
rCold   . . .        (shield currently unavailable)
rNeg    . . .        c - +0 leather armour
rPois   +            (no helmet)
rElec   .            (no cloak)
rCorr   .            (no gloves)
SInv    +            (no barding)
Will    .....        (no amulet)
Stlth   ++           d - +6 ring of dexterity
HPRegen 0.28/turn    (no ring)
MPRegen 0.09/turn

%: no passive effects
@: very slow
A: AC +1, large, see invisible, deformed body, poison resistance, slowness 2,
spit poison 1, naga tail 1
a: Spit Poison


You were on level 6 of the Dungeon.
You visited 1 branch of the dungeon, and saw 4 of its levels.

You collected 225 gold pieces.


Innate Abilities, Weirdness & Mutations

Your serpentine skin is tough. (AC +1)
You have supernaturally acute eyesight. (SInv)
Armour fits poorly on your strangely shaped body.
Your system is resistant to poisons. (rPois)
You cover ground very slowly.
You can spit poison.
You have a snake-like lower body.


   Skills:
 - Level 4.0 Fighting
 - Level 5.0 Ranged Weapons
 + Level 1.5 Dodging
 - Level 1.5 Stealth


You had 4 spell levels left.
You didn't know any spells.
Your spell library was empty.

Inventory:

Hand Weapons
 Y - a +0 shortbow (weapon)
Armour
 c - a +0 leather armour (worn)
Jewellery
 d - a +6 ring of dexterity (left hand)
 k - an amulet of reflection
Scrolls
 a - a scroll of summoning {unknown}
 f - a scroll of immolation {unknown}
 g - 2 scrolls of identify
 i - a scroll of enchant weapon {unknown}
 j - a scroll of teleportation {unknown}
Potions
 b - a potion of haste {unknown}
 e - a potion of enlightenment {unknown}
 h - 2 potions of curing

Dungeon Overview and Level Annotations

Branches:
Dungeon (3/15)

Altars:
Hepliaklqana
Qazlal

Shops:
D:1 (


Message History

You shoot an arrow. The arrow hits the black bear.
The black bear is heavily wounded.
The black bear bites you but does no damage.
The black bear claws you. x2
You shoot an arrow. The arrow hits the black bear.
The black bear is severely wounded.
The black bear misses you. The black bear claws you. x2
You shoot an arrow. The arrow hits the black bear.
The black bear is almost dead.
The black bear goes berserk!
You shoot an arrow.
The arrow closely misses the black bear.
The arrow hits the sleepcap.
The sleepcap is lightly damaged.
You have got your breath back.
The black bear barely misses you. x2; The black bear claws you!
The black bear bites you! The black bear barely misses you.
The black bear claws you.
1780 ||| INVOKING Spit Poison.
Aiming: Spit Poison (1% risk of failure)
Press: ? - help, Shift-Dir - straight line, f/p - black bear The splash of poison hits the black bear!
The black bear looks even sicker.
You kill the black bear!
You feel your strength returning.
You feel your intelligence returning.
Your Fighting skill gained 2 levels and is now at level 4!
You have reached level 5!
You shoot an arrow.
The arrow hits the sleepcap but does no damage.
The sleepcap is lightly damaged.
The sleepcap releases spores at you.
You shoot an arrow. The arrow hits the sleepcap!
The sleepcap is heavily damaged.
You have got your breath back.
The sleepcap releases spores at you.
You shoot an arrow.
The arrow hits the sleepcap but does no damage.
The sleepcap is heavily damaged.
The sleepcap releases spores at you!
You die...

#. .#
.#####.###
........
#......
..... ...
#f#
##@######.
#......[..
##..#######
#........#
#........#
#........#
##..######
#..#######
#........#


You could see a sleepcap.

Vanquished Creatures
  A black bear (D:6)
  A gnoll (D:1)
  An adder (D:2)
  A shadow imp (D:6)
  A dart slug (D:1)
  6 endoplasms
  2 giant cockroaches
  4 goblins
  6 hobgoblins
  8 kobolds
  A quokka (D:1)
  4 ball pythons
  7 bats
  5 frilled lizards
  4 rats
52 creatures vanquished.

Notes
Turn   | Place    | Note
-------+----------+-------------------------------------------
     0 | D:1      | qw the Naga Hunter began the quest for the Orb.
     0 | D:1      | Reached XP level 1. HP: 19/19 MP: 1/1
     0 | D:1      | 0 ||| qw: Version: 0.3-a-2-g5ab2908
     0 | D:1      | 0 ||| qw: Game counter: 299
     0 | D:1      | 0 ||| qw: Always use a shield: true
     0 | D:1      | 0 ||| qw: God list: Okawaru
     0 | D:1      | 0 ||| qw: Allow faded altars: false
     0 | D:1      | 0 ||| qw: Do Orc after D:15 true
     0 | D:1      | 0 ||| qw: Do second Lair branch before Depths: true
     0 | D:1      | 0 ||| qw: Lair rune preference: random
     0 | D:1      | 0 ||| qw: Plans: Normal
     0 | D:1      | 0 ||| PLANNING D:1-11
    25 | D:1      | 25 ||| INVOKING Spit Poison.
    30 | D:1      | 30 ||| INVOKING Spit Poison.
    71 | D:1      | 71 ||| INVOKING Spit Poison.
    74 | D:1      | 74 ||| INVOKING Spit Poison.
   112 | D:1      | 112 ||| INVOKING Spit Poison.
   115 | D:1      | 115 ||| INVOKING Spit Poison.
   118 | D:1      | Reached skill level 4 in Ranged Weapons
   118 | D:1      | Reached XP level 2. HP: 16/26 MP: 2/2
   118 | D:1      | 118 ||| INVOKING Spit Poison.
   122 | D:1      | 122 ||| INVOKING Spit Poison.
   189 | D:1      | 189 ||| INVOKING Spit Poison.
   202 | D:1      | 202 ||| INVOKING Spit Poison.
   209 | D:1      | 209 ||| INVOKING Spit Poison.
   212 | D:1      | 212 ||| INVOKING Spit Poison.
   213 | D:1      | Reached XP level 3. HP: 30/32 MP: 3/3
   224 | D:1      | 224 ||| INVOKING Spit Poison.
   228 | D:1      | 228 ||| INVOKING Spit Poison.
   231 | D:1      | 231 ||| INVOKING Spit Poison.
   330 | D:1      | 330 ||| INVOKING Spit Poison.
   336 | D:1      | 336 ||| INVOKING Spit Poison.
   380 | D:1      | 380 ||| INVOKING Spit Poison.
   522 | D:1      | Found Ajef Bin's Antique Weapon Boutique.
   614 | D:1      | 614 ||| INVOKING Spit Poison.
   633 | D:1      | 633 ||| INVOKING Spit Poison.
   638 | D:1      | 638 ||| INVOKING Spit Poison.
   690 | D:1      | 690 ||| INVOKING Spit Poison.
   892 | D:1      | 892 ||| READING scroll labelled MUECSEL CYKHLY.
   893 | D:1      | 893 ||| READING scroll labelled WEH AMPEWEQIOT.
   894 | D:1      | 894 ||| READING 2 scrolls labelled WAENKE TIFF.
   895 | D:1      | 895 ||| READING scroll labelled JAVANW LETEVEGG.
   896 | D:1      | 896 ||| DRINKING 2 cyan potions.
   897 | D:1      | 897 ||| DROPPING scroll of butterflies.
   898 | D:1      | 898 ||| DROPPING potion of degeneration.
   955 | D:2      | 955 ||| INVOKING Spit Poison.
   986 | D:2      | 986 ||| INVOKING Spit Poison.
  1027 | D:2      | 1027 ||| INVOKING Spit Poison.
  1118 | D:2      | 1118 ||| INVOKING Spit Poison.
  1123 | D:2      | 1123 ||| INVOKING Spit Poison.
  1223 | D:2      | 1223 ||| INVOKING Spit Poison.
  1228 | D:2      | Reached skill level 5 in Ranged Weapons
  1228 | D:2      | Reached XP level 4. HP: 33/39 MP: 4/4
  1277 | D:2      | Found a hazy altar of Hepliaklqana.
  1319 | D:2      | Found the +0 toga "Victory" {*Victory Clar}
  1398 | D:2      | 1398 ||| UPGRADING to +6 ring of dexterity.
  1399 | D:2      | 1399 ||| READING scroll labelled MELODW QABO.
  1400 | D:2      | 1400 ||| DRINKING 3 white potions.
  1481 | D:3      | 1481 ||| INVOKING Spit Poison.
  1513 | D:3      | 1513 ||| INVOKING Spit Poison.
  1557 | D:3      | 1557 ||| INVOKING Spit Poison.
  1565 | D:3      | Found a stormy altar of Qazlal.
  1695 | D:3      | 1695 ||| INVOKING Spit Poison.
  1734 | D:3      | You fall into a shaft and drop 3 floors!
  1772 | D:6      | Noticed a black bear
  1773 | D:6      | 1773 ||| INVOKING Spit Poison.
  1779 | D:6      | HP: 10/40 [black bear (6)]
  1780 | D:6      | 1780 ||| INVOKING Spit Poison.
  1780 | D:6      | Killed a black bear
  1781 | D:6      | Reached XP level 5. HP: 13/50 MP: 5/5
  1782 | D:6      | HP: 4/50 [sleepcap (5)]
  1783 | D:6      | Slain by a sleepcap

Levels and vault maps discovered:
D:1:      dpeg_arrival_boxorama, layout_basic, serial_shops,
          nicolae_shop_getting_attention, lexackson_kobold_supper
D:2:      layout_basic, serial_corexii_hall, chequers_hall_statues_wall_a,
          corexii_hall_statues_i, chequers_hall_statues_corner_a,
          corexii_hall_statues_i, basic_altar, nrook_campfire
D:3:      layout_basic, amcnicky_altar_gilded
D:6:      layout_basic, general_overflow_altar, nicolae_letterblocks
          [nicolae_letter_subblock, nicolae_letter_subblock,
          nicolae_letter_subblock, nicolae_letter_subblock,
          nicolae_letter_subblock, nicolae_letter_subblock,
          nicolae_letter_subblock, nicolae_letter_subblock,
          nicolae_letter_subblock, nicolae_letter_subblock,
          nicolae_letter_subblock, nicolae_letter_subblock,
          nicolae_letter_subblock, nicolae_letter_subblock,
          nicolae_letter_subblock, nicolae_letter_subblock,
          nicolae_letter_subblock, nicolae_letter_subblock,
          nicolae_letter_subblock, nicolae_letter_subblock,
          nicolae_letter_subblock, nicolae_letter_subblock,
          nicolae_letter_subblock, nicolae_letter_subblock,
          nicolae_letter_subblock]

Skill      XL: |  1  2  3  4 |
---------------+-------------+-----
Ranged Weapons | 4 5 |  5.0
Fighting       | 4 |  4.0
Dodging        | |  1.5
Stealth        | |  1.5

Action                     |  1- 3 |  4- 6 || total
---------------------------+-------+-------++-------
   Fire: Shortbow          |    73 |    28 ||   101
Ability: Spit Poison       |    28 |     6 ||    34
    Use: Scroll            |     4 |     1 ||     5
         Potion            |     1 |     1 ||     2
 Armour: Leather armour    |     9 |     2 ||    11
  Dodge: Dodged            |    12 |     5 ||    17

Table legend:
 A = Non-vault XP
 B = Vault XP
 C = Vault XP percentage of total XP
 D = Non-vault monster count
 E = Vault monster count
 F = Vault count percentage of total count
                 A         B        C        D         E       F
            +---------+---------+-------+---------+---------+-------
      Total |     237 |      10 |   4.0 |      44 |       8 |  15.4
            +---------+---------+-------+---------+---------+-------
        D:1 |      49 |      10 |  16.9 |      20 |       8 |  28.6
        D:2 |      30 |       0 |   0.0 |      12 |       0 |   0.0
        D:3 |      14 |       0 |   0.0 |      10 |       0 |   0.0
        D:6 |     144 |       0 |   0.0 |       2 |       0 |   0.0
            +---------+---------+-------+---------+---------+-------
